 Dungeon Crawl Stone Soup version 0.30-a0-847-g17996783a1 (webtiles) character file.

Game seed: 5995561626187528980

1612155 cforsyth the Intangible (level 27, 173/179 HPs)
             Began as a Kobold Brigand on Mar 4, 2023.
             Was the Champion of Hepliaklqana.
             Escaped with the Orb
             ... and 3 runes!
             The game lasted 02:31:09 (78915 turns).

cforsyth the Intangible (Kobold Brigand)           Turns: 78915, Time: 02:31:10

Health: 173/179    AC: 19    Str:  9    XL:     27
Magic:  23/23      EV: 48    Int: 14    God:    Hepliaklqana [******]
Gold:   7447       SH: 28    Dex: 40    Spells: 26/26 levels left

rFire   + + .      SeeInvis .    b - +8 demon blade (freeze)
rCold   + + +      Faith    .    F - +2 shield of Resistance {rF++ rC++ Will++}
rNeg    + . .      Spirit   .    E - +5 ring mail "Aroockosh" {rElec}
rPois   +          Reflect  +    r - +1 helmet
rElec   +          Rampage  .    T - +1 cloak {rPois}
rCorr   .          Clarity  +    k - +1 pair of gloves "Piesymmo" {rPois Int-2 Dex+3}
Will    ++++.      Harm     + .  G - +2 pair of boots {Stlth+}
Stlth   ++++                     f - amulet of Ukeq {Reflect Contam Harm Dex+5 Slay+6 SH+5}
HPRegen 0.49/turn                L - ring of Eguarhak {rC+ rN+ Int+2 Slay+2}
MPRegen 0.18/turn                Y - +6 ring of dexterity

@: studying Staves
A: reduced essence, small, no large weapons, nightstalker 3, hooves 1, clarity,
mutation resistance 1, screaming 1, weak 1
0: Orb of Zot
}: 3/15 runes: decaying, silver, gossamer
a: Renounce Religion, Recall Ancestor, Ancestor Identity, Transference, Idealise


You escaped.
You worshipped Hepliaklqana.
Hepliaklqana was exalted by your worship.
You visited 10 branches of the dungeon, and saw 50 of its levels.
You visited the Abyss 1 time.
You also visited: Sewer and Bailey.

You collected 9327 gold pieces.
You spent 1880 gold pieces at shops.

Inventory:

Hand Weapons
 a - the +8 Vampire's Tooth {megavamp}
   (You took it off a skeletal warrior on level 3 of the Crypt)
 b - a +8 demon blade of freezing (weapon)
 V - the +4 rapier "Hiad" {venom, Fly rCorr Str-2 Int+5}
   (You found it on level 11 of the Dungeon)

   Str:       It affects your strength (-2).
   Int:       It affects your intelligence (+5).
   Fly:       It grants you flight.
   rCorr:     It protects you from acid and corrosion.
Armour
 k - the +1 pair of gloves "Piesymmo" (worn) {rPois Int-2 Dex+3}
   (You found it on level 3 of the Elven Halls)

   Int:       It affects your intelligence (-2).
   Dex:       It affects your dexterity (+3).
   rPois:     It protects you from poison.
 r - a +1 helmet (worn)
 E - the +5 ring mail "Aroockosh" (worn) {rElec}
   (You bought it in a shop on level 8 of the Dungeon)

   rElec:     It insulates you from electricity.
 F - the +2 shield of Resistance (worn) {rF++ rC++ Will++}
   (You took it off a deep elf high priest on level 3 of the Elven Halls)

   rF:        It greatly protects you from fire.
   rC:        It greatly protects you from cold.
   Will:      It greatly increases your willpower.
 G - a +2 pair of boots of stealth (worn)
 N - the +5 Storm Queen's Shield {shock, Fly rElec}
   (You found it on level 2 of the Vaults)

   Shock:     When it blocks an attack, it may electrocute the attacker.
   This works even against foes who are a short distance away.
   rElec:     It insulates you from electricity.
   Fly:       It grants you flight.
 T - a +1 cloak of poison resistance (worn)
Jewellery
 d - a ring of willpower
 f - the amulet of Ukeq (around neck) {Reflect Contam Harm Dex+5 Slay+6 SH+5}
   (You found it on level 2 of the Crypt)

   [amulet of reflection]

   It reflects blocked missile attacks.
   Dex:       It affects your dexterity (+5).
   Slay:      It affects your accuracy & damage with ranged weapons and melee
   (+6).
   Contam:    It causes magical contamination when unequipped.
   SH:        It affects your SH (+5).
   Harm:      It increases damage dealt and taken.
 j - a ring of protection from cold
 u - a ring of wizardry
 y - the ring of Yhawas {Contam rPois Will+ Str+2 Slay+5}
   (You acquired it on level 5 of the Vaults)

   [ring of willpower]

   Str:       It affects your strength (+2).
   Slay:      It affects your accuracy & damage with ranged weapons and melee
   (+5).
   rPois:     It protects you from poison.
   Contam:    It causes magical contamination when unequipped.
   Will:      It increases your willpower.
 A - a ring of see invisible
 J - a ring of protection from fire
 L - the ring of Eguarhak (left hand) {rC+ rN+ Int+2 Slay+2}
   (You found it in a bailey)

   [ring of protection from cold]

   Int:       It affects your intelligence (+2).
   Slay:      It affects your accuracy & damage with ranged weapons and melee
   (+2).
   rC:        It protects you from cold.
   rN:        It protects you from negative energy.
 R - a ring of protection from cold
 S - a ring of resist corrosion
 Y - a +6 ring of dexterity (right hand)
Wands
 x - a wand of digging (20)
 H - a wand of paralysis (56)
 M - a wand of polymorph (41)
 P - a wand of iceblast (31)
 X - a wand of flame (43)
 Z - a wand of quicksilver (19)
Scrolls
 c - 11 scrolls of poison
 e - a scroll of enchant weapon
 g - 7 scrolls of immolation
 h - 2 scrolls of butterflies
 i - 15 scrolls of fog
 m - 12 scrolls of teleportation
 n - 6 scrolls of blinking
 o - a scroll of magic mapping
 v - 8 scrolls of fear
 I - 9 scrolls of enchant armour
 Q - 3 scrolls of silence
Potions
 l - 14 potions of brilliance
 p - 12 potions of invisibility
 q - 13 potions of curing
 s - 11 potions of flight
 t - 6 potions of attraction
 w - a potion of resistance
 z - 15 potions of lignification
 B - 7 potions of mutation
 C - 5 potions of might
 D - 3 potions of magic
 K - 5 potions of haste
 O - 5 potions of ambrosia
 U - 8 potions of heal wounds
 W - 5 potions of berserk rage


   Skills:
 O Level 27 Fighting
 - Level 18.2(23.7) Short Blades
 + Level 16.9(18.4) Long Blades
 - Level 2.1 Throwing
 O Level 27 Dodging
 + Level 23.5 Stealth
 + Level 21.4 Shields


You had 26 spell levels left.
You didn't know any spells.
Your spell library contained the following spells:

 Spells                   Type           Power      Damage    Failure   Level
 Apportation              Tloc           0%         N/A       77%         1
 Foxfire                  Conj/Fire      0%         2x1d4     77%         1
 Kiss of Death            Conj/Necr      0%         2d5       77%         1
 Magic Dart               Conj           0%         1d3       77%         1
 Necrotise                Necr           0%         1d4       77%         1
 Sandblast                Erth           0%         2d4       77%         1
 Shock                    Conj/Air       0%         1d3       77%         1
 Summon Small Mammal      Summ           0%         N/A       77%         1
 Blink                    Tloc           0%         N/A       88%         2
 Call Imp                 Summ           0%         N/A       88%         2
 Cigotuvi's Dreadful Rot  Necr/Pois/Air  0%         N/A       88%         2
 Ensorcelled Hibernation  Hex/Ice        0%         N/A       88%         2
 Lesser Beckoning         Tloc           0%         N/A       88%         2
 Momentum Strike          Conj/Tloc      0%         3d8       88%         2
 Passwall                 Tmut/Erth      0%         N/A       88%         2
 Poisonous Vapours        Pois/Air       0%         N/A       88%         2
 Static Discharge         Conj/Air       0%         2-2/arc   88%         2
 Wereblood                Tmut           0%         N/A       88%         2
 Confusing Touch          Hex            0%         N/A       98%         3
 Dazzling Flash           Conj/Hex       0%         N/A       98%         3
 Gell's Gravitas          Tloc           0%         N/A       98%         3
 Ignite Poison            Fire/Tmut/Pois 0%         N/A       98%         3
 Inner Flame              Hex/Fire       0%         N/A       98%         3
 Kindle Blastsparks       Fire/Tloc/Air  0%         2d10      98%         3
 Mephitic Cloud           Conj/Pois/Air  0%         N/A       98%         3
 Ozocubu's Armour         Ice            0%         N/A       98%         3
 Spider Form              Tmut/Pois      0%         N/A       98%         3
 Stone Arrow              Conj/Erth      0%         3d7       98%         3
 Summon Guardian Golem    Hex/Summ       0%         N/A       98%         3
 Swiftness                Air            0%         N/A       98%         3
 Teleport Other           Tloc           0%         N/A       98%         3
 Tukima's Dance           Hex            0%         N/A       98%         3
 Vampiric Draining        Necr           0%         2d6       98%         3
 Vhi's Electric Charge    Tloc/Air       0%         N/A       98%         3
 Airstrike                Air            0%         2d(0-16)  100%        4
 Anguish                  Hex/Necr       0%         N/A       100%        4
 Animate Armour           Summ/Erth      0%         N/A       100%        4
 Animate Dead             Necr           0%         N/A       100%        4
 Cause Fear               Hex            0%         N/A       100%        4
 Dispel Undead            Necr           0%         3d6       100%        4
 Iskenderun's Mystic Bla  Conj/Tloc      0%         2d3       100%        4
 Passage of Golubria      Tloc           0%         N/A       100%        4
 Summon Lightning Spire   Summ/Air       0%         N/A       100%        4
 Agony                    Necr           0%         N/A       100%        5
 Arcjolt                  Conj/Air       0%         1d10      100%        5
 Blade Hands              Tmut           0%         N/A       100%        5
 Fireball                 Conj/Fire      0%         3d3       100%        5
 Freezing Cloud           Conj/Ice/Air   0%         6-21      100%        5
 Iskenderun's Battlesphe  Conj           0%         2d6       100%        5
 Lightning Bolt           Conj/Air       0%         1d11      100%        5
 Metabolic Englaciation   Hex/Ice        0%         N/A       100%        5
 Silence                  Hex/Air        0%         N/A       100%        5
 Summon Forest            Summ/Tloc      0%         N/A       100%        5
 Summon Mana Viper        Hex/Summ       0%         N/A       100%        5
 Yara's Violent Unravell  Hex/Tmut       0%         3d3       100%        5
 Death Channel            Necr           0%         N/A       100%        6
 Dispersal                Tloc           0%         N/A       100%        6
 Eringya's Noxious Bog    Tmut/Pois      0%         N/A       100%        6
 Iron Shot                Conj/Erth      0%         9d1       100%        6
 Simulacrum               Ice/Necr       0%         N/A       100%        6
 Starburst                Conj/Fire      0%         6d3       100%        6
 Statue Form              Tmut/Erth      0%         N/A       100%        6
 Enfeeble                 Hex            0%         N/A       100%        7
 Haunt                    Necr/Summ      0%         N/A       100%        7
 Malign Gateway           Summ/Tloc      0%         N/A       100%        7
 Orb of Destruction       Conj           0%         9d5       100%        7
 Spellforged Servitor     Conj/Summ      0%         N/A       100%        7
 Summon Hydra             Summ           0%         N/A       100%        7
 Borgnjor's Revivificati  Necr           0%         N/A       100%        8
 Discord                  Hex            0%         N/A       100%        8
 Infestation              Necr           0%         N/A       100%        8
 Lehudib's Crystal Spear  Conj/Erth      0%         10d2      100%        8
 Necromutation            Tmut/Necr      0%         N/A       100%        8
 Chain Lightning          Conj/Air       0%         N/A       100%        9
 Death's Door             Necr           0%         N/A       100%        9


Dungeon Overview and Level Annotations

Branches:
Dungeon (15/15)            Temple (0/1) D:6            Lair (5/5) D:8
  Swamp (4/4) Lair:2       Spider (4/4) Lair:3        Slime (0/5) Lair:5
    Orc (2/2) D:9             Elf (3/3) Orc:2        Vaults (5/5) D:13
  Crypt (3/3) Vaults:3       Tomb (0/3) Crypt:3      Depths (4/4) D:15
    Zot (5/5) Depths:4      Sewer (visited)          Bailey (visited)

Altars:
Ashenzari
Cheibriados
Dithmenos
Hepliaklqana
Ru
Sif Muna
Vehumet
Xom
Yredelemnul
Zin
The Shining One
Jiyva

Shops:
D:3 *   D:6 *   D:8 [   D:15 (   Orc:2 :?!?   Elf:2 :[:   Vaults:1 *
Vaults:3 !   Vaults:5 *   Depths:3 *[(

Portals:
Hell: Depths:1 Depths:2 Depths:3 Depths:4
Abyss: Depths:1 Depths:3
Pandemonium: Depths:1 Depths:2
Ziggurat: Depths:2
Trove: Vaults:2 (give +4 demon trident)

Annotations:
Depths:2 3 runed translucent doors, Doumn's ghost, veteran GnFi


Innate Abilities, Weirdness & Mutations

Your life essence is reduced to manifest your ancestor. (-10% HP)
You are small and have problems with some larger weapons.
You are completely attuned to the shadows.
You have large cloven feet.
You possess an exceptional clarity of mind.
You are somewhat resistant to further mutation.
You occasionally shout uncontrollably at your foes.
You are weak. (Str -2)


Message History

You slash the efreet! You freeze the efreet!
The efreet is almost dead.
Cihuaton gestures at the efreet while chanting.
The efreet suddenly stops moving!
The helpless efreet fails to defend itself.
You carve the efreet like a ham!!!! You freeze the efreet.
You kill the efreet!
You see here a +0 scimitar of flaming.
(D) Dungeon (T) Temple (L) Lair (S) Swamp (N) Spider Nest (M) Slime Pits (O) Orcish Mines (E) Elven Halls (V) Vaults (C) Crypt (W) Tomb (U) Depths (H) Hell (Z) Zot
Where to? (Enter - D:2, ? - help)
You see here a +0 scimitar of flaming.
Magic restored.
There is a stone staircase leading up here.
You climb upwards.
There is a stone staircase leading down here.
(D) Dungeon (T) Temple (L) Lair (S) Swamp (N) Spider Nest (M) Slime Pits (O) Orcish Mines (E) Elven Halls (V) Vaults (C) Crypt (W) Tomb (U) Depths (H) Hell (Z) Zot
Where to? (Enter - D:2, ? - help)
There is a stone staircase leading up here.
You climb upwards.
A hell beast comes into view.
There is a stone staircase leading down here.
Cihuaton mumbles some strange words.
The hell beast appears confused.
You strike the helpless hell beast from behind!
You cut the hell beast into ribbons!!! You freeze the hell beast!
The hell beast is severely wounded.
You block the hell beast's attack. The hell beast barely misses you.
Cihuaton gestures wildly while chanting.
The hell beast appears confused.
You catch the helpless hell beast completely off-guard!
You slice the hell beast!! You freeze the hell beast.
You kill the hell beast!
There's nothing to close nearby.
Aiming: Dig
Press: ? - help, Shift-Dir - straight line A rock wall.
This square is covered in magical glow.
The rock shatters into small pieces.
There is a staircase leading out of the dungeon here.
You have escaped!

#......##....###........# #
.....#.#......##........##
##...#.#......##.........#
.....#.#.........).......#
.....#.##...####.####....#####
###.##.#.....................#
.......#.#.#####.####....###.#
###.####...##...R...###### #.#
#.# ######....@....#######.####
#.###...................##.....
#.##...⌠....##+##....⌠...######
###.##........#...#........#
....##........'8.8'........#
#....###########'###########
#....................#
#.....##.##.......##.#
#.....##.##..........#


You could see the friendly Cihuaton the hexer.

Vanquished Creatures
  3 dread liches
  6 orbs of fire (Zot:5)
  3 ancient liches
  Mennas (Crypt:3)
  A juggernaut (Depths:3)
  Boris (Crypt:2)
  Bai Suzhen (Spider:3)
  4 Killer Klowns
  Vv (Crypt:2)
  4 curse toes
  7 golden dragons
  A caustic shrike (Depths:3)
  A bone dragon (Crypt:3)
  2 doom hounds (Depths:2)
  A Brimstone Fiend (D:15)
  4 electric golems
  Jorgrun (Orc:2)
  15 tentacled monstrosities
  23 Orb Guardians (Zot:5)
  5 liches
  7 quicksilver dragons
  The ghost of Pooter the Executioner, an adept MiBe of Trog (Elf:2)
  3 titans (Vaults:5)
  A deep elf blademaster (Elf:2)
  Asterion (Spider:4)
  A deep elf master archer (Elf:3)
  7 sphinxes
  9 death cobs
  7 ancient champions
  Agnes (Spider:1)
  10 shadow dragons
  5 tengu reavers
  Roxanne (Spider:4)
  Donald (Swamp:1)
  3 revenants
  14 storm dragons
  2 draconian monks (Zot:3)
  8 frost giants
  12 fire giants
  An emperor scorpion (Spider:4)
  2 draconian knights
  5 deep elf sorcerers
  A balrug (Depths:1)
  21 vault wardens
  4 draconian scorchers
  6 ghost moths
  3 curse skulls
  19 ironbound preservers
  2 iron dragons
  A draconian stormcaller (Zot:2)
  4 deep elf elementalists (Elf:3)
  A juggernaut skeleton (Crypt:3)
  A war gargoyle (Vaults:5)
  A reaper (Crypt:3)
  11 ghouls
  3 orc warlords
  3 draconian annihilators
  4 eleionomae
  5 very ugly things
  4 ironbound thunderhulks
  8 stone giants
  8 vampire knights
  A lorocyproca (Depths:1)
  9 spark wasps
  7 deep elf annihilators (Elf:3)
  9 black draconians
  7 deep elf demonologists
  6 green draconians
  Azrael (Orc:2)
  9 red draconians
  12 yellow draconians
  6 purple draconians
  3 bunyips
  9 dire elephants
  12 white draconians
  Snorg (Orc:1)
  5 deep elf high priests (Elf:3)
  The ghost of Iamsock the Protected, a journeyman GnWn of Jiyva (Orc:2)
  5 eidola
  14 ettins
  Josephine (D:14)
  13 fire dragons
  An acid blob zombie (Crypt:3)
  A green death (Zot:5)
  A shambling mangrove (Swamp:1)
  9 deep elf death magi
  13 yaktaur captains
  4 entropy weavers
  7 jiangshi
  A spriggan zombie (Crypt:3)
  8 great orbs of eyes
  Fannar (D:12)
  4 rakshasas
  10 ice dragons
  A fenstrider witch zombie (Crypt:3)
  2 hell beasts
  16 hydras
  27 vault guards
  4 ogre magi
  A spriggan skeleton (Depths:2)
  2 ghost crabs
  Erolcha (Orc:2)
  8 ironbound frosthearts
  16 centaur warriors
  The ghost of holysushi the Slicer, a journeyman DsMo of Gozag (Lair:1)
  A caustic shrike simulacrum (Crypt:2)
  4 jorogumos
  4 radroaches
  A catoblepas (D:13)
  17 two-headed ogres
  14 boulder beetles
  A two-headed ogre (shapeshifter) (D:14)
  A death yak (D:11)
  14 dancing weapons
  6 death knights
  3 alligators
  3 deep troll shamans
  A hell hog (Depths:2)
  6 tengu warriors
  6 deep troll earth magi
  8 vampire magi
  Urug (D:10)
  5 spriggan berserkers
  A titan zombie (Depths:2)
  3 hell knights
  16 deep elf knights
  A skyshark (Lair:5)
  7 soul eaters
  2 sun demons (Depths:1)
  2 titan skeletons
  Amaemon (D:10)
  A shadow wraith (Crypt:2)
  27 skeletal warriors
  6 sun moths
  Lodul (D:11)
  A fire crab (D:13)
  4 iron trolls
  2 pharaoh ants
  5 goliath frogs
  58 deep trolls
  2 swamp dragons (shapeshifter)
  5 glowing orange brains
  9 bog bodies
  8 orb spiders
  A flayed ghost (Depths:3)
  4 swamp dragons (Swamp:4)
  A quicksilver dragon simulacrum (Depths:1)
  A shadow demon (Depths:1)
  6 spriggan druids
  A sea snake (shapeshifter) (Depths:4)
  5 lindwurms
  2 lindwurms (shapeshifter)
  6 deep elf archers
  An obsidian statue (Zot:5)
  9 orc knights
  9 necromancers
  8 steelbarb worms
  8 phantasmal warriors
  12 ironbound convokers
  11 wizards
  22 deep elf zephyrmancers
  A shadow dragon skeleton (Depths:2)
  36 ugly things
  24 deep elf pyromancers
  A harpy (Vaults:2)
  A mana viper (shapeshifter) (Vaults:5)
  17 wolf spiders
  4 cyclopes
  32 moths of wrath
  An orc sorcerer (Orc:1)
  5 manticores
  A frost giant skeleton (Depths:2)
  A fire giant zombie (Crypt:1)
  A manticore (shapeshifter) (Depths:2)
  A salamander (Depths:2)
  A will-o-the-wisp (Swamp:4)
  Joseph (D:8)
  5 elephants (Lair:5)
  Maurice (Orc:2)
  3 black mambas (Lair:5)
  A rust devil (Depths:1)
  18 vault sentinels
  A torpor snail (Spider:4)
  A green draconian zombie (Crypt:2)
  An unseen horror (D:12)
  An alligator snapping turtle zombie (Crypt:1)
  7 demonic crawlers
  3 gargoyles
  Maggie (D:7)
  An orange demon (D:10)
  A death yak zombie (Crypt:2)
  9 cane toads
  An unseen horror zombie (D:9)
  2 efreet
  2 kobold demonologists (D:10)
  9 komodo dragons
  9 freezing wraiths
  7 rime drakes
  An iron troll zombie (Crypt:2)
  22 yaktaurs
  A naga skeleton (Crypt:2)
  7 polar bears
  5 guardian mummies (Crypt:3)
  4 ice devils
  A grey draconian skeleton (Crypt:2)
  7 tengu conjurers
  A bloated husk (Swamp:2)
  A harpy zombie (Crypt:2)
  A hellwing (Depths:1)
  6 tyrant leeches
  7 hexers
  7 meliai
  7 trolls
  A wind drake (Lair:5)
  24 tarantellas
  16 blink frogs
  Grinder (D:4)
  13 hornets
  A meliai zombie (Crypt:3)
  2 ettin zombies
  22 slime creatures
  2 air elementals
  A frost giant simulacrum (Depths:2)
  29 jumping spiders
  A flying skull (Crypt:3)
  A culicivora (shapeshifter) (D:14)
  9 spriggans
  3 shadows
  A centaur simulacrum (Crypt:1)
  15 culicivoras
  A satyr skeleton (Crypt:2)
  4 vampires
  A ynoxinul (Depths:1)
  8 wraiths
  36 yaks
  2 spriggans (shapeshifter)
  3 water elementals (Depths:2)
  11 humans (D:13)
  5 basilisks
  4 wyverns
  4 fire elementals
  A wind drake skeleton (Crypt:2)
  45 redbacks
  15 vampire mosquitoes
  4 wargs
  A deep troll zombie (Crypt:1)
  18 swamp worms
  An acid dragon (D:12)
  12 water moccasins
  A glowing shapeshifter skeleton (Crypt:3)
  A hell hound (Orc:2)
  A dream sheep zombie (Crypt:1)
  A hornet zombie (Crypt:1)
  7 swamp drakes
  3 ice beasts
  A black bear (Lair:1)
  18 orc warriors
  7 wolves
  33 ogres
  A wolf (shapeshifter) (Vaults:5)
  12 centaurs
  A lindwurm skeleton (Crypt:3)
  A phantom (D:3)
  A fire crab zombie (Crypt:2)
  A salamander zombie (Crypt:2)
  6 kobold brigands
  2 earth elementals
  3 necrophages
  14 bullfrogs
  A gnoll sergeant (D:11)
  An entropy weaver simulacrum (D:11)
  3 scorpions
  8 wights
  A killer bee (D:10)
  A yak zombie (Crypt:3)
  4 howler monkeys
  A quasit (Sewer)
  2 centaur zombies
  3 hounds (D:6)
  2 jellies
  2 gnoll boudas
  7 orc priests
  4 sleepcaps
  A black bear skeleton (Crypt:1)
  2 iguanas (D:5)
  17 orc wizards
  A hound zombie (Crypt:1)
  7 mummies (Crypt:3)
  17 gnolls
  6 adders
  3 shadow imps (Sewer)
  8 ufetubi (Sewer)
  4 worms
  2 dart slugs (D:1)
  64 orcs
  A bat zombie (Crypt:1)
  9 endoplasms
  8 giant cockroaches
  10 goblins
  11 hobgoblins
  38 kobolds
  6 quokkas
  8 ball pythons
  10 bats
  5 frilled lizards
  A frilled lizard skeleton (Crypt:2)
  A giant cockroach zombie (Sewer)
  11 rats
1946 creatures vanquished.

Vanquished Creatures (collateral kills)
  A dread lich (Vaults:5)
  2 orbs of fire (Zot:5)
  Sojobo (Depths:1)
  A Killer Klown (Zot:5)
  the Lernaean hydra (Swamp:4)
  A curse toe (Zot:3)
  3 golden dragons
  An electric golem (Zot:2)
  A tentacled monstrosity (Vaults:5)
  Grunn (Depths:2)
  A walking frostbound tome (Depths:3)
  2 Orb Guardians (Zot:5)
  3 liches
  3 titans (Vaults:5)
  A walking divine tome (Depths:3)
  2 sphinxes (Vaults:4)
  2 tengu reavers
  2 shadow dragons
  A thorn hunter (Swamp:1)
  A storm dragon (Elf:1)
  2 fire giants
  A fenstrider witch (Swamp:3)
  An emperor scorpion (Spider:4)
  2 ghost moths
  A caustic shrike zombie (Depths:2)
  2 iron dragons
  2 deep elf sorcerers (Elf:3)
  3 frost giants
  A balrug (Depths:1)
  A vault warden (Vaults:2)
  A draconian shifter (Zot:1)
  Aizul (Spider:2)
  A curse skull (Crypt:1)
  2 orc warlords (Vaults:4)
  A stone giant (Vaults:4)
  5 ironbound preservers
  2 black draconians
  A vampire knight (Crypt:2)
  A deep elf annihilator (Elf:3)
  2 yellow draconians
  An ettin (Vaults:5)
  A dire elephant (Vaults:4)
  2 deep elf death magi (Elf:3)
  A white draconian (Depths:4)
  A jiangshi (Crypt:3)
  An entropy weaver (Spider:3)
  A fire dragon (Depths:1)
  3 yaktaur captains
  A rakshasa (Depths:1)
  A hell beast (Depths:1)
  2 ironbound frosthearts (Vaults:3)
  2 ice dragons (Depths:2)
  11 vault guards
  10 hydras
  A ghost crab (Swamp:4)
  3 ogre magi
  A radroach (Spider:3)
  A two-headed ogre (Orc:2)
  A jorogumo (Spider:4)
  A peacekeeper (Vaults:3)
  2 boulder beetles
  6 alligators
  13 dancing weapons
  A merfolk avatar (Lair:5)
  3 centaur warriors
  A spriggan skeleton (Crypt:3)
  A tengu warrior (D:15)
  A deep troll earth mage (Depths:2)
  2 vampire magi
  2 sun demons (Depths:1)
  4 deep elf knights
  3 skeletal warriors
  A goliath frog (Swamp:2)
  2 sun moths (Spider:4)
  A glowing orange brain (Vaults:4)
  A shadow demon (Depths:1)
  5 swamp dragons
  5 deep elf archers
  A flayed ghost (Crypt:2)
  11 deep trolls
  A phantasmal warrior (Crypt:2)
  An iron giant skeleton (Crypt:3)
  3 bog bodies
  2 ironbound convokers
  A necromancer (Vaults:5)
  4 wizards
  A steelbarb worm (Spider:1)
  3 orc knights
  A wolf spider (Spider:3)
  2 deep elf zephyrmancers
  7 ugly things
  2 will-o-the-wisps
  2 manticores
  A black mamba (Lair:2)
  2 moths of wrath
  A demonic crawler (Spider:3)
  A smoke demon (Depths:2)
  2 vault sentinels
  A torpor snail (Spider:4)
  An unseen horror (D:12)
  A cane toad (Lair:5)
  Psyche (D:12)
  2 komodo dragons (Lair:5)
  4 yaktaurs
  A minotaur zombie (Crypt:3)
  A polar bear (D:11)
  A mana viper skeleton (Crypt:1)
  7 hornets
  4 tyrant leeches
  4 tarantellas
  3 blink frogs
  A snapping turtle (Lair:5)
  An air elemental (Elf:1)
  4 jumping spiders
  4 culicivoras
  5 slime creatures
  A wraith (D:14)
  A shadow (D:11)
  5 spriggans
  A basilisk (Lair:4)
  7 yaks
  5 humans (D:13)
  2 fire elementals (Orc:2)
  4 vampire mosquitoes
  12 redbacks
  4 swamp worms
  2 acid dragons (D:12)
  A hell hound (Orc:2)
  A glowing shapeshifter skeleton (Depths:2)
  3 swamp drakes
  2 orc warriors
  9 ogres (Orc:2)
  A wolf (D:11)
  An earth elemental (Elf:2)
  A polar bear skeleton (Crypt:2)
  5 orc wizards
  A wolf simulacrum (D:11)
  A gnoll (Orc:2)
  A naga simulacrum (D:11)
  17 orcs
  A goblin (Bailey)
  A training dummy (D:7)
  2 kobolds (D:9)
351 creatures vanquished.

Vanquished Creatures (others)
  A bunyip (Swamp:2)
  A deep elf zephyrmancer (Elf:1)
  A wolf spider (Spider:4)
  3 bloated husks
  A water elemental (Elf:3)
  44 hexers
  An ancestor (Bailey)
  An orc wizard (D:4)
  An endoplasm (Sewer)
  9 foxfires
  28 fungi
  89 plants
180 creatures vanquished.

Grand Total: 2477 creatures vanquished

Notes
Turn   | Place    | Note
-------+----------+-------------------------------------------
     0 | D:1      | cforsyth the Kobold Brigand began the quest for the Orb.
     0 | D:1      | Reached XP level 1. HP: 12/12 MP: 1/1
   131 | D:1      | Reached XP level 2. HP: 18/18 MP: 2/2
   754 | D:1      | Reached XP level 3. HP: 22/22 MP: 3/3
  1465 | D:2      | Found a faded altar of an unknown god.
  1774 | D:3      | Found Cuokuys's Assorted Antiques.
  1778 | D:3      | Bought a scroll labelled OWKEH ZYFAI for 23 gold pieces
  1778 | D:3      | Bought a scroll labelled MEOGUTA GENIPT for 23 gold pieces
  1826 | D:3      | Reached XP level 4. HP: 24/27 MP: 4/4
  2206 | D:3      | Noticed a phantom
  2230 | D:3      | Killed a phantom
  2231 | D:3      | Reached XP level 5. HP: 29/32 MP: 5/5
  2644 | D:4      | Noticed an ogre
  2887 | D:4      | Noticed Grinder
  2889 | D:4      | Killed Grinder
  2890 | D:4      | Reached skill level 5 in Short Blades
  2890 | D:4      | Reached XP level 6. HP: 38/38 MP: 6/6
  2890 | D:4      | Reached XP level 7. HP: 43/43 MP: 7/7
  2931 | D:4      | Found a snail-covered altar of Cheibriados.
  3332 | D:4      | HP: 1/44 [ogre/+0 giant club (27)]
  3732 | D:4      | Reached skill level 5 in Fighting
  3732 | D:4      | Reached XP level 8. HP: 49/49 MP: 8/8
  3779 | D:4      | Reached skill level 5 in Dodging
  4016 | D:5      | Entered Level 5 of the Dungeon
  4340 | D:5      | Found a glowing drain.
  4347 | Sewer    | Entered a sewer
  4500 | Sewer    | Found a burning altar of Makhleb.
  4831 | D:5      | Found a broken altar of Ashenzari.
  4907 | D:5      | Reached XP level 9. HP: 55/55 MP: 9/9
  5293 | D:6      | Found a glowing silver altar of Zin.
  5574 | D:6      | Found a hazy altar of Hepliaklqana.
  5578 | D:6      | Became a worshipper of Hepliaklqana the Forgotten
  5614 | D:6      | Found Kohoq's General Store.
  5663 | D:6      | Found a staircase to the Ecumenical Temple.
  6231 | D:7      | Reached skill level 10 in Stealth
  6321 | D:7      | Noticed Maggie
  6336 | D:7      | Killed Maggie
  6527 | D:7      | Found a sacrificial altar of Ru.
  6614 | D:7      | Reached * piety under Hepliaklqana
  6949 | D:8      | Noticed Joseph
  6964 | D:8      | Killed Joseph
  6965 | D:8      | Reached XP level 10. HP: 56/56 MP: 10/10
  6999 | D:8      | Found a flagged portal.
  7005 | Bailey   | Entered a bailey
  7018 | Bailey   | Noticed an orc warlord
  7067 | Bailey   | Found a runed translucent gate.
  7067 | Bailey   | Found a runed translucent gate.
  7068 | Bailey   | Found a runed translucent gate.
  7268 | Bailey   | Killed an orc warlord
  7304 | Bailey   | Identified the ring of Eguarhak {rC+ rN+ Int+2 Slay+2}
  7333 | Bailey   | Acquired 848 gold pieces
  7356 | D:8      | Reached skill level 10 in Short Blades
  7416 | D:8      | Found Dodot's Antique Armour Shoppe.
  7419 | D:8      | Bought a faintly glowing ring mail for 261 gold pieces
  7419 | D:8      | Identified the +5 ring mail "Aroockosh" {rElec} (You bought
                  | it in a shop on level 8 of the Dungeon)
  7545 | D:8      | Reached XP level 11. HP: 60/62 MP: 11/11
  7634 | D:8      | Found a shimmering altar of Xom.
  7742 | D:8      | Found a staircase to the Lair.
  7916 | D:8      | Reached ** piety under Hepliaklqana
  8249 | D:9      | Remembered your ancestor Cihuaton as a hexer
  8293 | D:9      | Found a staircase to the Orcish Mines.
  8301 | D:9      | Reached skill level 10 in Dodging
  8506 | D:9      | Found a basalt altar of Yredelemnul.
  8860 | D:9      | Found a shimmering blue altar of Sif Muna.
  8860 | D:9      | Found a glowing golden altar of the Shining One.
  8993 | D:10     | Entered Level 10 of the Dungeon
  9140 | D:10     | Noticed Urug
  9143 | D:10     | Killed Urug
  9173 | D:10     | Noticed an ogre mage
  9174 | D:10     | Noticed a deep elf pyromancer
  9182 | D:10     | Killed a deep elf pyromancer
  9187 | D:10     | Killed an ogre mage
  9188 | D:10     | Reached skill level 10 in Fighting
  9299 | D:10     | Noticed a sixfirhy
  9464 | D:10     | Reached *** piety under Hepliaklqana
  9535 | D:10     | Reached XP level 12. HP: 69/69 MP: 12/12
  9605 | D:10     | Noticed Amaemon
  9617 | D:10     | Killed Amaemon
 10289 | D:11     | Found a transporter.
 10291 | D:11     | Found a transporter.
 10485 | D:11     | Found a transporter.
 10497 | D:11     | Found a transporter.
 10531 | D:11     | Noticed Lodul
 10554 | D:11     | Found a transporter.
 10554 | D:11     | Found a transporter.
 10571 | D:11     | Reached **** piety under Hepliaklqana
 10672 | D:11     | Identified the +8 quarterstaff of the Hierophant {spect,
                  | rC+}
 10884 | D:11     | Killed Lodul
 10973 | D:11     | Noticed a death yak
 10982 | D:11     | Killed a death yak
 10983 | D:11     | Reached skill level 15 in Stealth
 10985 | D:11     | Noticed an ice dragon
 11906 | D:11     | Reached XP level 13. HP: 60/75 MP: 13/13
 12018 | D:11     | Killed an ice dragon
 12028 | D:11     | Identified the +4 rapier "Hiad" {venom, Fly rCorr Str-2
                  | Int+5}
 12727 | D:12     | Noticed Psyche
 12734 | D:12     | Killed Psyche
 13632 | D:12     | Noticed Fannar
 13636 | D:12     | Killed Fannar
 14211 | D:13     | Reached ***** piety under Hepliaklqana
 14384 | D:13     | Noticed an eight-headed hydra
 14389 | D:13     | Reached skill level 15 in Short Blades
 14542 | D:13     | Killed an eight-headed hydra
 14603 | D:13     | Reached XP level 14. HP: 82/82 MP: 14/14
 14701 | Abyss:3  | Cast into level 3 of the Abyss (a wizard)
 14762 | D:13     | Escaped the Abyss
 15601 | D:13     | Found a gate to the Vaults.
 15728 | Lair:1   | Entered Level 1 of the Lair of Beasts
 15790 | Lair:1   | Found a runed translucent door.
 15792 | Lair:1   | Noticed holysushi's ghost (journeyman DsMo)
 15818 | Lair:1   | Identified the +1 sling of Gozag, Crafting {freeze, rC++
                  | rN+ Int+4 Stlth-}
 17131 | Lair:2   | Found a staircase to the Swamp.
 17248 | Lair:2   | Reached skill level 15 in Dodging
 17492 | Lair:2   | Reached XP level 15. HP: 90/90 MP: 15/15
 18409 | Lair:3   | Found a hole to the Spider Nest.
 19064 | Lair:4   | Reached ****** piety under Hepliaklqana
 19537 | Lair:5   | Entered Level 5 of the Lair of Beasts
 20308 | Lair:5   | Found a runed translucent door.
 20308 | Lair:5   | Found a viscous altar of Jiyva.
 20309 | Lair:5   | Found a staircase to the Slime Pits.
 20971 | Orc:1    | Entered Level 1 of the Orcish Mines
 20989 | Orc:1    | Noticed Snorg
 20995 | Orc:1    | Killed Snorg
 21114 | Orc:1    | Reached skill level 15 in Fighting
 21221 | Orc:2    | Entered Level 2 of the Orcish Mines
 21221 | Orc:2    | Noticed Erolcha
 21227 | Orc:2    | Killed Erolcha
 21254 | Orc:2    | Noticed Jorgrun
 21266 | Orc:2    | Killed Jorgrun
 21354 | Orc:1    | Reached XP level 16. HP: 97/97 MP: 16/16
 21518 | Orc:2    | Found a staircase to the Elven Halls.
 21518 | Orc:2    | Noticed Azrael
 21697 | Orc:2    | Killed Azrael
 21847 | Orc:2    | Found a large runed translucent door.
 21847 | Orc:2    | Found a large runed translucent door.
 22135 | Orc:2    | Found Zuupra's Distillery.
 22135 | Orc:2    | Found Duinkaoq's Magic Scroll Shop.
 22136 | Orc:2    | Found Detequ Notz's Book Boutique.
 22136 | Orc:2    | Found Hymninoa's Magic Scroll Emporium.
 22142 | Orc:2    | Bought a scroll of acquirement for 676 gold pieces
 22147 | Orc:2    | Acquired a manual of Fighting
 22309 | Orc:2    | Reached skill level 1 in Shields
 22447 | Orc:2    | Noticed Maurice
 22451 | Orc:2    | Killed Maurice
 22605 | Orc:2    | Noticed Iamsock's ghost (journeyman GnWn)
 22623 | Orc:2    | Killed Iamsock's ghost
 23141 | D:14     | Noticed Josephine
 23167 | D:14     | Killed Josephine
 23889 | D:14     | You are sucked into a shaft and drop 1 floor!
 23889 | D:15     | Entered Level 15 of the Dungeon
 23978 | D:15     | Found Totiryll's Antique Weapon Shoppe.
 24012 | D:15     | Found a shadowy altar of Dithmenos.
 24498 | D:15     | Reached XP level 17. HP: 105/105 MP: 17/17
 24738 | D:15     | Found a staircase to the Depths.
 25384 | Spider:1 | Entered Level 1 of the Spider Nest
 25389 | Spider:1 | Noticed Agnes
 25401 | Spider:1 | Killed Agnes
 25597 | Spider:1 | Reached skill level 5 in Shields
 27650 | Spider:2 | Noticed Aizul
 27691 | Spider:2 | Killed Aizul
 28153 | Spider:3 | Reached XP level 18. HP: 115/115 MP: 18/18
 28174 | Spider:3 | Identified the +4 glaive of Vodka {flame, Str-4 Int+4
                  | Dex+4}
 29041 | Spider:4 | Entered Level 4 of the Spider Nest
 29309 | Spider:4 | Noticed Bai Suzhen
 29872 | Spider:3 | Killed Bai Suzhen
 30456 | Spider:3 | Reached XP level 19. HP: 122/122 MP: 19/19
 30960 | Spider:4 | Noticed Asterion
 30982 | Spider:4 | Killed Asterion
 31029 | Spider:4 | Identified Roxanne's Handbook of Metamorphosis
 31029 | Spider:4 | Noticed Roxanne
 31257 | Spider:4 | Reached skill level 1 in Long Blades
 31692 | Spider:4 | Got a gossamer rune of Zot
 31699 | Spider:4 | Identified the -1 barding of Mental Paralysis {*Corrode
                  | rPois Slay+5}
 31973 | Spider:4 | Killed Roxanne
 32179 | Swamp:1  | Entered Level 1 of the Swamp
 32179 | Swamp:1  | You fall into a shaft and drop 1 floor!
 32271 | Swamp:1  | Reached XP level 20. HP: 129/129 MP: 20/20
 32278 | Swamp:1  | Reached skill level 5 in Long Blades
 32278 | Swamp:1  | Reached XP level 21. HP: 133/133 MP: 21/21
 32389 | Swamp:1  | Noticed Donald
 32597 | Swamp:1  | Killed Donald
 33889 | Swamp:3  | Paralysed by a fenstrider witch for 5 turns
 34471 | Swamp:4  | Entered Level 4 of the Swamp
 35168 | Swamp:4  | Reached skill level 10 in Shields
 35317 | Swamp:4  | Noticed the 27-headed Lernaean hydra
 35594 | Swamp:4  | Killed the 27-headed Lernaean hydra
 35651 | Swamp:4  | Got a decaying rune of Zot
 35682 | Swamp:4  | Got the Anthology of the Green Mortuary
 36242 | Vaults:1 | Entered Level 1 of the Vaults
 36504 | Vaults:1 | Found Vomuow's General Store.
 36535 | Vaults:1 | Reached XP level 22. HP: 125/140 MP: 22/22
 36697 | Vaults:1 | Identified the amulet of the Antique Peach {Faith -Tele
                  | Drain rN+ Int+5}
 39654 | Vaults:2 | Found the +5 Storm Queen's Shield {shock, Fly rElec}
 40016 | Vaults:2 | Reached skill level 10 in Long Blades
 40018 | Vaults:2 | Reached XP level 23. HP: 104/147 MP: 23/23
 40279 | Vaults:2 | Found a portal to a secret trove of treasure.
 41343 | Orc:2    | Bought a scroll of enchant weapon for 97 gold pieces
 41343 | Orc:2    | Bought a scroll of enchant weapon for 97 gold pieces
 41343 | Orc:2    | Bought a scroll of blinking for 97 gold pieces
 42091 | Vaults:3 | Found a staircase to the Crypt.
 42366 | Vaults:3 | Found Siakhlirch's Distillery.
 42371 | Vaults:3 | Bought a potion of heal wounds for 90 gold pieces
 42371 | Vaults:3 | Bought a potion of heal wounds for 90 gold pieces
 42371 | Vaults:3 | Bought a potion of haste for 180 gold pieces
 43281 | Vaults:4 | Paralysed by a great orb of eyes for 2 turns
 44033 | Vaults:4 | HP: 7/147 [sphinx (11)]
 44498 | Vaults:4 | Reached XP level 24. HP: 139/153 MP: 23/23
 44614 | Vaults:4 | Identified the +0 short sword of Crawling {heavy, rPois
                  | Will+ Dex+3}
 45235 | Elf:1    | Entered Level 1 of the Elven Halls
 45465 | Elf:1    | Paralysed by an air elemental for 1 turns
 45468 | Elf:1    | Paralysed by an air elemental for 1 turns
 46107 | Elf:1    | Found a runed translucent gate.
 46107 | Elf:1    | Found a runed translucent gate.
 46107 | Elf:1    | Found a runed translucent gate.
 46107 | Elf:1    | Found a runed translucent gate.
 46109 | Elf:1    | Found a runed translucent gate.
 46115 | Elf:1    | Found a runed translucent gate.
 46367 | Elf:1    | Reached skill level 15 in Shields
 46551 | Elf:2    | Found Lereullu's Book Emporium.
 46586 | Elf:2    | Found Toihaz's Antique Armour Shoppe.
 46628 | Elf:2    | Found Zuirumin's Book Shoppe.
 46692 | Elf:2    | Found a runed translucent gate.
 46692 | Elf:2    | Found a runed translucent gate.
 46692 | Elf:2    | Found a runed translucent gate.
 46821 | Elf:2    | Found a runed translucent door.
 47073 | Elf:2    | Noticed Pooter's ghost (adept MiBe)
 47968 | Elf:2    | Killed Pooter's ghost
 48006 | Elf:3    | Entered Level 3 of the Elven Halls
 49675 | Elf:3    | Reached XP level 25. HP: 134/156 MP: 23/23
 49998 | Elf:3    | Identified the +5 trident of Ambiguity {antimagic, rCorr
                  | Dex+3}
 50102 | Elf:3    | Identified the ring "Sunleq" {Drain +Blink Will+ MP+9}
 50314 | Elf:3    | Identified the +0 ring mail "Bagiwul" {Regen+}
 50582 | Elf:3    | Got the Handbook of the Syncline
 50616 | Elf:3    | Identified the +1 pair of gloves "Piesymmo" {rPois Int-2
                  | Dex+3}
 51156 | Depths:1 | Entered Level 1 of the Depths
 51289 | Depths:1 | Found a gateway to Hell.
 51806 | Depths:1 | Found a one-way gate to the infinite horrors of the Abyss.
 51825 | Depths:1 | Found a radiant altar of Vehumet.
 51910 | Depths:1 | Noticed Sojobo
 52372 | Depths:1 | Killed Sojobo
 52863 | Depths:1 | Found a one-way gate leading to the halls of Pandemonium.
 53063 | Depths:2 | Noticed Grunn
 53079 | Depths:2 | Killed Grunn
 53747 | Depths:2 | Reached XP level 26. HP: 163/163 MP: 23/23
 54114 | Depths:2 | Found a one-way gateway to a ziggurat.
 54144 | Depths:2 | Found a runed translucent gate.
 54144 | Depths:2 | Noticed Doumn's ghost (veteran GnFi)
 54145 | Depths:2 | Found a runed translucent gate.
 54145 | Depths:2 | Noticed a dread lich
 54146 | Depths:2 | Found a runed translucent gate.
 54150 | Depths:2 | Noticed an ancient lich
 54710 | Lair:1   | Killed holysushi's ghost
 55418 | Depths:3 | Noticed a juggernaut
 55429 | Depths:3 | Killed a juggernaut
 56121 | Depths:3 | Found Yligifre's Antique Weapon Emporium.
 56124 | Depths:3 | Found Nimes's Armour Shoppe.
 56126 | Depths:3 | Found Meetz's Assorted Antiques.
 56134 | Depths:3 | Bought a scroll of teleportation for 84 gold pieces
 57468 | Depths:4 | Entered Level 4 of the Depths
 57709 | Depths:4 | Found a gate to the Realm of Zot.
 58832 | Vaults:5 | Entered Level 5 of the Vaults
 59402 | Vaults:4 | Reached XP level 27. HP: 150/170 MP: 23/23
 59785 | Vaults:5 | Identified the +6 dagger of Orghav {freeze, +Blink rF+
                  | Int+2 Stlth+}
 60428 | Vaults:5 | Identified the +1 trident "Allule Cetac" {pain, rCorr Str+7
                  | Dex+2 Stlth+}
 61101 | Vaults:5 | Acquired the ring of Yhawas {Contam rPois Will+ Str+2
                  | Slay+5}
 61125 | Vaults:5 | Found Qesel's General Store.
 61125 | Vaults:5 | Noticed a dread lich
 61191 | Vaults:5 | Killed a dread lich
 61825 | Vaults:5 | Got a silver rune of Zot
 62021 | Vaults:5 | Noticed a dread lich
 62029 | Vaults:5 | Killed a dread lich
 62032 | Vaults:5 | Got the Incunable of Bewitching Unholy Magicks
 62044 | Vaults:5 | Noticed a dread lich
 62057 | Vaults:5 | Killed a dread lich
 62311 | Vaults:5 | Identified the +10 glaive "Borac" {freeze, Str+2}
 62311 | Vaults:5 | Identified the amulet "Alepierr" {Spirit rC+ SInv}
 62379 | Vaults:5 | Noticed an ancient lich
 62393 | Vaults:5 | Killed an ancient lich
 62672 | Vaults:5 | Bought a potion of heal wounds for 90 gold pieces
 62672 | Vaults:5 | Bought a scroll of fog for 72 gold pieces
 63416 | Crypt:1  | Entered Level 1 of the Crypt
 64744 | Crypt:2  | Identified the amulet of Ukeq {Reflect Contam Harm Dex+5
                  | Slay+6 SH+5}
 65031 | Crypt:2  | Noticed Vv
 65043 | Crypt:2  | Killed Vv
 65116 | Crypt:2  | Noticed Boris
 65120 | Crypt:2  | Killed Boris
 65655 | Crypt:3  | Entered Level 3 of the Crypt
 65719 | Crypt:3  | Noticed Mennas
 65734 | Crypt:3  | Killed Mennas
 65844 | Crypt:3  | Reached skill level 15 in Long Blades
 65918 | Crypt:3  | Identified the ring of Hayhak {rF+ rN+ Int+5}
 67056 | Crypt:3  | Found a staircase to the Tomb.
 67205 | Crypt:3  | Identified the ring "Epne" {rElec rN+ Str-4 Int+5}
 67205 | Crypt:3  | Identified the ring "Vyucuovo" {rElec rN+ rCorr Int+4
                  | Dex-3}
 67214 | Crypt:3  | Noticed an ancient lich
 67223 | Crypt:3  | Killed an ancient lich
 67242 | Crypt:3  | Identified the +11 mace "Hydrabane" {venom, rC+ Dex+3}
 67247 | Crypt:3  | Identified the +10 mace of Usecuint {vamp, rC+}
 67248 | Crypt:3  | Identified the +1 lajatang "Boockeimp" {vamp, rElec rF+
                  | rCorr}
 67827 | Zot:1    | Entered Level 1 of the Realm of Zot
 67933 | Zot:1    | Acquired 849 gold pieces
 70366 | Zot:2    | Reached skill level 27 in Dodging
 71381 | Zot:2    | Got the Handbook of Abominable Rites and the Geodesic
 71392 | Zot:2    | Identified the +3 hand axe of Demonic Watchfulness {freeze,
                  | rC+ SInv}
 71478 | Zot:3    | Reached skill level 27 in Fighting
 71771 | Zot:3    | Identified the +0 great sword of Compound Interest {heavy,
                  | Int+5 SInv}
 71907 | Zot:3    | Identified the +5 ring mail "Mutamud" {rC++ Will- Str+2}
 72757 | Zot:3    | Noticed a Killer Klown
 72761 | Zot:3    | Killed a Killer Klown
 73391 | Zot:3    | Got the Guidebook on Energy
 73491 | Zot:3    | You fall into a shaft and drop 1 floor!
 73543 | Zot:4    | Noticed a Killer Klown
 74273 | Zot:3    | Killed a Killer Klown
 75743 | Zot:5    | Entered Level 5 of the Realm of Zot
 76370 | Zot:5    | Noticed an orb of fire
 76371 | Zot:5    | Noticed an orb of fire
 76371 | Zot:5    | Noticed an orb of fire
 76666 | Zot:5    | Killed an orb of fire
 76666 | Zot:5    | Noticed a Killer Klown
 76671 | Zot:5    | Killed a Killer Klown
 76748 | Zot:5    | Noticed an orb of fire
 76752 | Zot:5    | Gained mutation: You are clumsy. (Dex -2) [an orb of fire]
 76755 | Zot:5    | Killed an orb of fire
 76762 | Zot:5    | Killed an orb of fire
 76849 | Zot:5    | Noticed an orb of fire
 76850 | Zot:5    | Gained mutation: You are weak. (Str -2) [an orb of fire]
 76858 | Zot:5    | Killed an orb of fire
 77147 | Zot:5    | Killed an orb of fire
 77407 | Zot:5    | Noticed an orb of fire
 77410 | Zot:5    | Gained mutation: You sometimes lose your temper in combat.
                  | [an orb of fire]
 77410 | Zot:5    | Gained mutation: You occasionally shout uncontrollably at
                  | your foes. [mutagenic glow]
 77417 | Zot:5    | Gained mutation: You frequently scream uncontrollably at
                  | your foes. [an orb of fire]
 77418 | Zot:5    | Killed an orb of fire
 77430 | Zot:5    | Gained mutation: You are very weak. (Str -4) [mutagenic
                  | glow]
 77437 | Zot:5    | Gained mutation: Your flesh is cold resistant. (rC+)
                  | [mutagenic glow]
 77714 | Zot:5    | Noticed a Killer Klown
 77721 | Zot:5    | Noticed an orb of fire
 77721 | Zot:5    | Noticed an orb of fire
 77722 | Zot:5    | Noticed a Killer Klown
 77723 | Zot:5    | Noticed a dread lich
 77731 | Zot:5    | Killed an orb of fire
 77732 | Zot:5    | Killed a Killer Klown
 77737 | Zot:5    | Killed an orb of fire
 77743 | Zot:5    | Killed a dread lich
 77747 | Zot:5    | Killed a Killer Klown
 77963 | Zot:5    | Noticed an ancient lich
 77969 | Zot:5    | Killed an ancient lich
 78318 | Zot:5    | Lost mutation: You sometimes lose your temper in combat.
                  | [potion of mutation]
 78318 | Zot:5    | Lost mutation: Your flesh is cold resistant. (rC+) [potion
                  | of mutation]
 78318 | Zot:5    | Lost mutation: You frequently scream uncontrollably at your
                  | foes. [potion of mutation]
 78318 | Zot:5    | Gained mutation: You are somewhat resistant to further
                  | mutation. [potion of mutation]
 78319 | Zot:5    | Lost mutation: You are very weak. (Str -4) [potion of
                  | mutation]
 78319 | Zot:5    | Lost mutation: You are clumsy. (Dex -2) [potion of
                  | mutation]
 78319 | Zot:5    | Gained mutation: You possess an exceptional clarity of
                  | mind. [potion of mutation]
 78319 | Zot:5    | Gained mutation: You have large cloven feet. [potion of
                  | mutation]
 78321 | Zot:5    | Got the Orb of Zot
 78915 | D:$      | Escaped with the Orb!

Illustrated notes

Levels and vault maps discovered:
D:1:      giann_wishing_wells, layout_basic
D:2:      layout_rooms, shapermc_ecumenical_altar_mp_highgroup
D:3:      minmay_inner_zag, layout_basic, serial_shops, shop
D:4:      layout_loops_ring, slow_altar_1, uniq_grinder
D:5:      layout_rooms, cheibrodos_ashenzari_chains, portal_sewer_entry_b,
          water_boxes_lemuel
D:6:      layout_loops_corners, mainiacjoe_overflow_chevrons,
          mainiacjoe_overflow_six_doors_small, minmay_temple_entry_statues,
          serial_shops, nicolae_shop_behind_doors, kennysheep_crisscross
D:7:      dreamdust_elfheim, layout_rooms, mainiacjoe_overflow_small_starburst,
          uniq_maggie
D:8:      layout_basic, nicolae_overflow_crystal_walls, hellmonk_lair_entry_icy,
          serial_shops, nicolae_shop_trees, enter_bailey_4, uniq_joseph
D:9:      layout_small_grid, lemuel_zombie_altar_yredelemnul,
          nicolae_overflow_two_pavilions
D:10:     minmay_distorted_concentric_squares, layout_stronghold, uniq_urug,
          uniq_amaemon
D:11:     dreamdust_isle_of_ice, layout_loops_corners, nicolae_eternal_life,
          serial_nicolae_subway, nicolae_sub_station_metal,
          nicolae_sub_station_stone, nicolae_sub_station_crystal, uniq_lodul
D:12:     layout_basic, serial_aquarium, aquarium_bridge_island_large
          [aquarium_subvault_large_water, aquarium_subvault_window,
          aquarium_subvault_bridge, aquarium_subvault_wall,
          aquarium_subvault_wall], aquarium_window_1, aquarium_window_corner,
          aquarium_view_2a, minmay_pinched_square, uniq_fannar, uniq_psyche
D:13:     layout_roguey, grunt_vaults_entry_tiered, grunt_tough_drop
D:14:     minmay_two_paths, layout_loops_corners, hangedman_decor_growths,
          chequers_serial_rivers_micro_c, uniq_josephine
D:15:     hangedman_depths_entry_civil_slaughter, layout_irregular_city,
          serial_shops, shop, lemuel_crystal_altar
Lair:1:   layout_gridlike, ebering_ghost_inner_flame
Lair:2:   cheibrodos_lair_river_kwai, layout_long_grid, minmay_swamp_entry_worms
Lair:3:   layout_loops_ring, spider_nest_entry_web_field
Lair:4:   layout_cellular_growth, chequers_serial_rivers_micro_a
Lair:5:   gammafunk_lair_ancient_temple, layout_regular_city, slime_entry_2,
          pond, lemuel_fruit_fields, serial_bayou_shore_b, serial_bayou_shore_b
Swamp:1:  layout_falls_marsh, infiniplex_staircase_pool, uniq_donald
Swamp:2:  cheibrodos_swamp_heart_of_darkness, layout_falls_marsh,
          evilmike_swamp_ruin_house_1, swamp_pool5
Swamp:3:  layout_falls_marsh, nicolae_swamp_treefoil,
          nicolae_swamp_alligator_family
Swamp:4:  grunt_swamp_rune_castle, layout_basic_swamp
Spider:1: layout_spider_delve, nicolae_spider_solar_radiation, uniq_agnes
Spider:2: layout_spider_delve, uniq_aizul
Spider:3: layout_spider_delve
Spider:4: grunt_spider_rune_island, hangedman_spider_tarantella_strand,
          uniq_bai_suzhen, uniq_asterion, uniq_roxanne
Orc:1:    layout_caves, uniq_snorg
Orc:2:    st_orc_ogre_mass, layout_caves, ebering_ghost_disaster_area,
          uniq_erolcha, uniq_maurice, uniq_azrael, uniq_jorgrun
Elf:1:    minmay_elf_arrival_plus, layout_loops_cross, orc_legates,
          nicolae_elf_deep_friendship
Elf:2:    nicolae_elf_blades_splatter_lattice [nicolae_blade_entry_antechamber],
          layout_geoelf_octagon, ebering_ghost_reflecting_pool, serial_shops,
          nicolae_square_shop, nicolae_shop_statue_plus, nicolae_diamond_shop,
          drop_trap
Elf:3:    minmay_elf_hall_x, layout_loops_corners, nrook_loot_triangle,
          serial_sigils_hangedman_stare, kilobyte_mutagenic_chamber
Vaults:1: ontoclasm_vaults_shuriken, st_squares,
          vaults_room_grunt_arrival_checkpoint, ontoclasm_vaults_gateway,
          v_misc_9, vaults_dpeg_emergency_exit, ontoclasm_vaults_eye,
          nicolae_vaults_circle_grid_a, vaults_mumra_minichess,
          nicolae_vaults_mini_display_case, nicolae_vaults_gold_heap,
          layout_vaults_quadrants, serial_shops, shop
Vaults:2: nicolae_vaults_hallways_thing, st_eye, vaults_room_ringed_pool,
          v_rooms_2, v_misc_30, vaults_standard_mumra_enter_the_diamond,
          grunt_vaults_funnel, dpeg_vaults_monster_box,
          layout_vaults_chaotic_city, enter_trove_3, uniq_margery
Vaults:3: nicolae_vaults_network_barrier, hangedman_vaults_nails,
          minmay_crypt_entry_simple_box, vaults_room_door_hall,
          nicolae_vaults_network_square, v_misc_17, grunt_vaults_trifunnel,
          st_smaller_cells, vaults_standard_mumra_enter_the_diamond,
          layout_vaults_omnibox, serial_shops, shop
Vaults:4: v_misc_26, hangedman_vaults_pinch, vaults_room_hallway,
          nicolae_vaults_angled_halls, st_octagons_2, v_misc_18,
          vaults_room_stairs_pillars, nicolae_vaults_circle_grid_a, v_pattern_2,
          nicolae_vaults_angled_halls, hangedman_vaults_capsules, v_misc_23,
          ontoclasm_vaults_chip, layout_vaults_maze_bifur
Vaults:5
Crypt:1:  layout_chaotic_city
Crypt:2:  layout_chaotic_city, roderic_lattice_octagonal_star, uniq_boris,
          uniq_vv
Crypt:3:  david_glass_crypt, layout_chaotic_city,
          nicolae_tomb_entry_grand_gallery, minivault_23, uniq_mennas
Depths:1: layout_cave_shapes, serial_rivers, chequers_serial_rivers_room_a,
          chequers_serial_rivers_micro_b, chequers_serial_rivers_small_3,
          chequers_serial_rivers_large_a, chequers_serial_rivers_marsh,
          chequers_serial_rivers_room_a, grunt_mini_vestibule,
          grunt_pan_entry_in_and_out, abyss_entry, minmay_misc_feat_rugged,
          dk_noncrumbling_3, hangedman_decor_points,
          chequers_serial_rivers_micro_e, nicolae_vehumet_altar_sigil,
          uniq_sojobo
Depths:2: grunt_house_of_mirrors, layout_cave_shapes, enter_ziggurat_b,
          hellmouth_1, kennysheep_path_1, gammafunk_ghost_necromancy, pan_entry,
          serial_bayou_shore_b, uniq_josephina, uniq_grunn
Depths:3: cell_vault, layout_honeycomb, hell_entry,
          chequers_serial_rivers_small_3, serial_shops, nicolae_take_the_stairs,
          abyss_entry_crystal, kennysheep_boxes, minmay_shop_star, firewood_loft
Depths:4: grunt_x_marks_the_spot, layout_cave_shapes,
          grunt_hell_entry_dis_grunt, kennysheep_doodads, minmay_misc_feat_rows
Zot:1:    layout_onion_interference, grunt_megastairs_5
Zot:2:    grunt_twist_and_shout, layout_cathedral_of_symmetry, st_stairs_14,
          st_large_dragon_hoard_1
Zot:3:    kennysheep_oblong_rooms, layout_onion
Zot:4:    layout_cathedral_of_symmetry
Zot:5:    layout_gridlike

Skill      XL: |  1  2  3  4  5  6  7  8  9 10 11 12 13 14 15 16 17 18 19 20 21 22 23 24 25 26 27 |
---------------+----------------------------------------------------------------------------------+-----
Short Blades   | 3 4 5 7 9 10 12 13 15 16 17 18 | 18.2
Dodging        | 2 3 4 6 7 9 10 12 13 15 16 17 18 19 20 21 22 23 27 | 27.0
Stealth        | 6 7 8 9 10 12 13 15 16 18 19 20 23 | 23.5
Fighting       | 3 4 5 6 7 8 10 11 12 13 15 17 19 20 21 22 23 27 | 27.0
Shields        | 3 6 8 9 10 13 16 19 20 21 | 21.4
Long Blades    | 2 5 7 10 11 13 16 | 16.9
Throwing       | |  2.1

Action                     |  1- 3 |  4- 6 |  7- 9 | 10-12 | 13-15 | 16-18 | 19-21 | 22-24 | 25-27 || total
---------------------------+-------+-------+-------+-------+-------+-------+-------+-------+-------++-------
  Melee: Dagger            |    73 |   126 |   202 |       |       |       |       |       |       ||   401
         Punch             |     1 |     1 |     7 |    11 |     8 |       |       |       |       ||    28
         Short sword       |       |       |   214 |   626 |    14 |       |       |       |       ||   854
         Rapier            |       |       |       |       |  1025 |  1144 |    68 |       |       ||  2237
         Demon blade       |       |       |       |       |       |       |   602 |  1249 |  2564 ||  4415
         Quick blade       |       |       |       |       |       |       |       |       |    32 ||    32
  Throw: Dart              |     1 |       |       |       |       |       |       |       |       ||     1
 Invoke: Ancestor Life: He |       |       |       |     1 |       |       |       |       |       ||     1
         Recall Ancestor   |       |       |       |       |       |     4 |     1 |       |    15 ||    20
  Evoke: Wand              |       |       |       |       |       |     1 |       |       |     1 ||     2
    Use: Scroll            |       |       |    15 |     5 |     8 |    10 |     4 |     7 |    14 ||    63
         Potion            |       |       |     2 |     1 |       |    10 |     2 |     3 |    12 ||    30
   Stab: Sleeping          |    21 |    13 |    26 |    24 |    38 |    40 |    13 |    31 |    27 ||   233
         Distracted        |       |       |     1 |     8 |    22 |    28 |    12 |    23 |    93 ||   187
         Confused          |       |       |       |     6 |    27 |    31 |    51 |   105 |   212 ||   432
         Petrified         |       |       |       |       |     1 |       |       |       |       ||     1
         Paralysed         |       |       |       |       |    17 |    42 |    56 |   102 |   129 ||   346
 Armour: Robe              |    10 |    17 |    52 |     3 |       |       |       |       |       ||    82
         Ring mail         |       |       |       |    84 |   177 |   267 |   190 |    38 |    61 ||   817
         Leather armour    |       |       |       |     1 |       |       |       |    40 |    51 ||    92
  Dodge: Dodged            |    29 |    71 |   351 |   513 |   705 |   937 |   754 |   738 |  1531 ||  5629
  Block: Buckler           |       |       |       |       |   175 |   393 |   308 |   106 |       ||   982
         Kite shield       |       |       |       |       |       |       |       |   611 |  1906 ||  2517
         Reflection        |       |       |       |       |       |       |       |       |     5 ||     5

Table legend: (Time is in decaauts)
 A = Elapsed time spent in this place.
 B = Non-inter-level travel time spent in this place.
 C = Inter-level travel time spent in this place.
 D = Time resting spent in this place.
 E = Time spent auto-exploring this place.
 F = Levels seen in this place.
 G = Mean time per level.
                   A        B        C        D        E       F      G
               +--------+--------+--------+--------+--------+-----+--------+
         Total |  76651 |  69952 |   6699 |  16469 |  39002 |  53 | 1446.2 |
       Dungeon |  18974 |  16281 |   2693 |   1625 |  11380 |  15 | 1264.9 |
          Lair |   5260 |   4838 |    422 |     20 |   4091 |   5 | 1052.0 |
         Swamp |   4098 |   3909 |    189 |   1057 |   1914 |   4 | 1024.5 |
   Spider Nest |   6369 |   6208 |    161 |   2641 |   2273 |   4 | 1592.2 |
  Orcish Mines |   2225 |   1808 |    417 |    478 |    821 |   2 | 1112.5 |
   Elven Halls |   5528 |   5177 |    351 |    864 |   2892 |   3 | 1842.7 |
        Vaults |  12487 |  11149 |   1338 |   3711 |   5288 |   5 | 2497.4 |
         Crypt |   3894 |   3780 |    114 |    624 |   2390 |   3 | 1298.0 |
        Depths |   6590 |   5999 |    591 |    823 |   3674 |   4 | 1647.5 |
           Zot |  10460 |  10041 |    419 |   4583 |   3855 |   5 | 2092.0 |
         Abyss |     60 |     60 |      0 |      0 |     48 |   1 |   60.0 |
         Sewer |    372 |    372 |      0 |      0 |    206 |   1 |  372.0 |
        Bailey |    327 |    327 |      0 |     41 |    168 |   1 |  327.0 |
               +--------+--------+--------+--------+--------+-----+--------+

Top non-repeatable levels by time:
Vaults:1: 2925 daAuts
Vaults:5: 2793 daAuts
   Elf:3: 2725 daAuts
Vaults:4: 2717 daAuts
   Zot:5: 2561 daAuts
   Zot:2: 2512 daAuts
Depths:3: 2428 daAuts
Spider:3: 2159 daAuts
Vaults:2: 2122 daAuts
    D:13: 2090 daAuts
    D:11: 2021 daAuts
   Zot:3: 1977 daAuts
Vaults:3: 1928 daAuts
   Zot:1: 1924 daAuts
Spider:1: 1852 daAuts
